 Dungeon Crawl Stone Soup version 0.21.1-1-g345015f (webtiles) character file.

245 vatarom the Chiller (level 6, 0/44 HPs)
             Began as a Barachi Ice Elementalist on Apr 5, 2018.
             Killed from afar by an orc wizard (8 damage)
             ... with a magic dart
             ... on level 2 of the Dungeon.
             The game lasted 00:07:50 (2505 turns).

vatarom the Chiller (Barachi Ice Elementalist)      Turns: 2505, Time: 00:07:51

Health: 0/44       AC:  2    Str:  9    XL:     6   Next: 10%
Magic:  9/11       EV: 12    Int: 18    God:
Gold:   197        SH:  0    Dex: 12    Spells: 6/12 levels left

rFire    + . .     SeeInvis .   l - +0 mace (protect)
rCold    . . .     Gourm    .   (no shield)
rNeg     + . .     Faith    .   a - +0 robe
rPois    .         Spirit   .   (no helmet)
rElec    .         Reflect  .   (no cloak)
rCorr    .         Harm     .   (no gloves)
MR       .....                  (no boots)
Stlth    ++........             (no amulet)
HPRegen  0.14/turn              g - ring of protection from fire
MPRegen  0.12/turn              s - ring of positive energy

@: slow
A: +LOS, swims, slowness 1, strong legs 1
a: Hop


You were on level 2 of the Dungeon.
You were hungry.

You visited 1 branch of the dungeon, and saw 3 of its levels.

You collected 197 gold pieces.

Inventory:

Hand Weapons
 d - a +2 dagger of draining
 l - a +0 mace of protection (weapon)
Armour
 a - a +0 robe (worn)
Jewellery
 g - a ring of protection from fire (left hand)
 s - a ring of positive energy (right hand)
Scrolls
 f - 3 scrolls of teleportation {unknown}
 i - a scroll of magic mapping {unknown}
 m - a scroll of enchant weapon {unknown}
 o - a scroll of fear {unknown}
Potions
 k - a potion of cancellation
 p - a potion of brilliance {unknown}
 t - a potion of heal wounds {unknown}
Books
 b - a book of Frost

   Spells                             Type                      Level
   a - Freeze                         Ice                          1
   b - Throw Frost                    Conjuration/Ice              2
   c - Ozocubu's Armour               Charms/Ice                   3
   d - Throw Icicle                   Conjuration/Ice              4
   e - Summon Ice Beast               Ice/Summoning                4
 j - a book of Cantrips

   Spells                             Type                      Level
   a - Confusing Touch                Hexes                        1
   b - Animate Skeleton               Necromancy                   1
   c - Summon Small Mammal            Summoning                    1
   d - Apportation                    Translocation                1
Comestibles
 c - 4 rations
 r - 4 chunks of flesh


   Skills:
 + Level 1.8 Fighting
 - Level 0.1 Short Blades
 - Level 1.0 Maces & Flails
 - Level 2.5 Dodging
 - Level 2.1 Stealth
 + Level 3.8 Spellcasting
 + Level 2.1 Conjurations
 * Level 5.6 Ice Magic


You had 6 spell levels left.
You knew the following spells:

 Your Spells              Type           Power        Failure   Level  Hunger
a - Freeze                Ice            ###.         1%          1    None
b - Throw Frost           Conj/Ice       ###...       4%          2    ##.....
c - Ozocubu's Armour      Chrm/Ice       ##......     14%         3    ###....


Dungeon Overview and Level Annotations

Branches:
Dungeon (3/15)

Altars:
Cheibriados
Trog

Annotations:
D:3 1 runed door


Innate Abilities, Weirdness & Mutations

Shadows flee at your approach. (+LOS)
You can swim through water.
You cover ground slowly.
You can hop short distances.


Message History

Aiming: Freeze
Press: ? - help, Shift-Dir - straight line, f - orc wizard
Aim: an orc wizard, wielding a dagger and wearing a robe You freeze the orc wizard.
The orc wizard is moderately wounded.
The orc hits you with a dagger.
The orc wizard gestures at you while chanting.
The puff of flame hits you! You resist.
* * * LOW HITPOINT WARNING * * *
Casting: Freeze
Confirm with . or Enter, or press ? or * to list all spells.
Aiming: Freeze
Press: ? - help, Shift-Dir - straight line, f/p - orc wizard
Aim: an orc wizard, wielding a dagger and wearing a robe (moderately wounded)
You freeze the orc wizard.
The orc wizard is severely wounded.
The orc hits you but does no damage.
The orc wizard points at you and mumbles some strange words.
The magic dart hits you!
You die...

#....# ##########
####.# .........# #.#
########.# #.# #.#
#.# #.# #.# #.# #.#
#.# ###############.#
#.###)..o@o.....[<..#
#...((###############
#######


You could see an orc wizard and an orc.

Vanquished Creatures
  2 orc priests (D:3)
  Jessica (D:2)
  Terence (D:2)
  4 adders (D:2)
  2 oozes
  2 worms (D:2)
  5 dart slugs
  2 leopard geckos
  3 orcs (D:3)
  9 bats
  4 giant cockroaches
  7 hobgoblins
  4 jackals
  3 frilled lizards
  10 goblins
  9 kobolds
  8 rats
76 creatures vanquished.

Notes
Turn   | Place    | Note
-------+----------+-------------------------------------------
     0 | D:1      | vatarom the Barachi Ice Elementalist began the quest for the Orb.
     0 | D:1      | Reached XP level 1. HP: 13/13 MP: 3/3
   153 | D:1      | Reached XP level 2. HP: 18/19 MP: 3/5
   155 | D:1      | Reached skill level 4 in Ice Magic
   344 | D:1      | Learned a level 2 spell: Throw Frost
   632 | D:1      | Reached XP level 3. HP: 20/24 MP: 2/7
   997 | D:2      | Noticed Jessica
  1016 | D:2      | Killed Jessica
  1016 | D:2      | Reached XP level 4. HP: 24/30 MP: 1/9
  1250 | D:2      | Learned a level 3 spell: Ozocubu's Armour
  1350 | D:2      | Found a bloodstained altar of Trog.
  1376 | D:2      | Found a snail-covered altar of Cheibriados.
  1547 | D:2      | Reached skill level 1 in Maces & Flails
  1738 | D:2      | Reached XP level 5. HP: 32/36 MP: 6/10
  1780 | D:2      | Reached skill level 1 in Fighting
  1780 | D:2      | Reached skill level 5 in Ice Magic
  2198 | D:3      | Found a runed door.
  2336 | D:3      | Noticed Terence
  2383 | D:2      | Killed Terence
  2383 | D:2      | Reached XP level 6. HP: 25/44 MP: 1/11
  2505 | D:2      | Killed from afar by an orc wizard

Skill      XL: |  1  2  3  4  5 |
---------------+----------------+-----
Stealth        | 2 |  2.1
Ice Magic      | 4 5 |  5.6
Spellcasting   | 3 |  3.8
Maces & Flails | 1 |  1.0
Fighting       | 1 |  1.8
Conjurations   | 2 |  2.1
Short Blades   | |  0.1
Dodging        | |  2.5

Action                   |  1- 3 |  4- 6 || total
-------------------------+-------+-------++-------
Melee: Dagger            |    15 |       ||    15
       Mace              |    13 |    57 ||    70
 Cast: Freeze            |    36 |    61 ||    97
       Throw Frost       |     3 |     8 ||    11
 Abil: Hop               |     1 |     1 ||     2
  Use: Potion            |       |     5 ||     5
 Stab: Sleeping          |     1 |     2 ||     3
  Eat: Chunk             |     1 |     5 ||     6
Armor: Robe              |    12 |    31 ||    43
       Skin              |       |     2 ||     2
Dodge: Dodged            |    28 |    84 ||   112
